 Dungeon Crawl Stone Soup version 0.31.0-9-g3a7656b989 (webtiles) character file.

Game seed: 16139476265813289692

56 qw the Shooter (level 3, -1/20 HPs)
             Began as a Deep Elf Hunter on Feb 2, 2024.
             Killed by divine providence
             ... invoked by an orc priest
              (15 damage)
             ... on level 3 of the Dungeon.
             The game lasted 00:00:06 (1862 turns).

qw the Shooter (Deep Elf Hunter)                    Turns: 1862, Time: 00:00:06

Health: -1/20      AC:  4    Str: 10    XL:     3   Next: 71%
Magic:  5/5        EV: 12    Int: 13    God:
Gold:   101        SH:  0    Dex: 18    Spells: 2/2 levels left

rFire   . . .        a - +0 shortbow
rCold   . . .        (shield currently unavailable)
rNeg    . . .        c - +0 leather armour
rPois   .            b - +0 helmet
rElec   .            (no cloak)
rCorr   .            (no gloves)
SInv    .            (no boots)
Will    .....        (no amulet)
Stlth   ++           (no ring)
HPRegen 0.23/turn    (no ring)
MPRegen 0.09/turn

%: no passive effects
@: no status effects
A: no striking features
a: no special abilities


You were on level 3 of the Dungeon.
You visited 1 branch of the dungeon, and saw 3 of its levels.

You collected 101 gold pieces.


   Skills:
 - Level 1.5 Fighting
 + Level 7.2 Ranged Weapons
 - Level 2.4 Dodging
 - Level 1.2 Stealth


You had 2 spell levels left.
You didn't know any spells.
Your spell library was empty.

Inventory:

Hand Weapons
 a - a +0 shortbow (weapon)
Armour
 b - a +0 helmet (worn)
 c - a +0 leather armour (worn)
Potions
 d - a potion of haste
 h - a potion of curing
 i - a potion of enlightenment {unknown}
 j - a potion of ambrosia {unknown}
 k - a potion of attraction {unknown}

Dungeon Overview and Level Annotations

Branches:
Dungeon (3/15)

Altars:


Message History

You climb downwards.
The orc barely misses you.
An orc comes into view. It is wielding a +0 hand axe.
The orc priest looks encouraged for a moment.
There is a stone staircase leading up here.
1810 ||| STAIRDANCE The orc closely misses you.
You climb upwards.
There is a stone staircase leading down here.
You shoot an arrow. The arrow barely misses the orc.
The orc barely misses you.
You shoot an arrow. The arrow barely misses the orc.
The orc misses you.
You shoot an arrow.
The arrow hits the orc but does no damage.
The orc hits you but does no damage.
You shoot an arrow. The arrow hits the orc!
You kill the orc!
You climb downwards.
There is a stone staircase leading up here.
You shoot an arrow. The arrow closely misses the orc.
The arrow barely misses the orc priest.
You shoot an arrow. The arrow hits the orc.
The orc is severely wounded.
1820 ||| STAIRDANCE The orc priest mumbles some strange prayers to Beogh against you.
Beogh smites you!
Ouch! That really hurt!
You climb upwards.
There is a stone staircase leading down here.
You shoot an arrow. The arrow hits the orc.
You kill the orc!
You start resting.
HP restored.
You climb downwards.
The orc priest mumbles some strange prayers to Beogh against you.
Pain shoots through your body!
The orc priest invokes the aid of Beogh against you.
Beogh smites you!
Ouch! That really hurt!
You die...

#### # .... .
#..#.# ##..#.#
..... #.#
#..#o....
#@).....#
.............#.
########.#..#.#
.# .# .# # .#
.# ..


You could see an orc priest.

Vanquished Creatures
  A dart slug (D:2)
  3 orcs (D:2)
  5 endoplasms
  10 giant cockroaches (D:2)
  6 goblins (D:1)
  A hobgoblin (D:1)
  2 quokkas
  4 ball pythons
  7 bats
  3 frilled lizards
  2 kobolds
  3 rats (D:2)
47 creatures vanquished.

Notes
Turn   | Place    | Note
-------+----------+-------------------------------------------
     0 | D:1      | qw the Deep Elf Hunter began the quest for the Orb.
     0 | D:1      | Reached XP level 1. HP: 12/12 MP: 3/3
     0 | D:1      | 0 ||| qw: Version: 0.3-a-155-g5e7d8dd
     0 | D:1      | 0 ||| qw: Game counter: 2377
     0 | D:1      | 0 ||| qw: Melee chars always use a shield: true
     0 | D:1      | 0 ||| qw: God list: Okawaru
     0 | D:1      | 0 ||| qw: Allow faded altars: false
     0 | D:1      | 0 ||| qw: Do Orc after clearing Dungeon:15 true
     0 | D:1      | 0 ||| qw: Do second Lair branch before Depths: true
     0 | D:1      | 0 ||| qw: Lair rune preference: random
     0 | D:1      | 0 ||| qw: Goals: Normal
     0 | D:1      | 0 ||| PLANNING D:1-11
   207 | D:1      | Reached XP level 2. HP: 16/16 MP: 4/4
   212 | D:1      | Reached skill level 6 in Ranged Weapons
   999 | D:1      | 999 ||| READING scroll labelled NAUZUCW HABBY.
  1004 | D:1      | 1004 ||| READING scroll labelled PITEM ZOROYTZ.
  1005 | D:1      | 1005 ||| READING scroll labelled UPTEUG WI QECA.
  1106 | D:1      | 1106 ||| READING scroll labelled VONAMAUSCHY.
  1137 | D:1      | 1137 ||| DROPPING scroll of butterflies.
  1282 | D:2      | Reached XP level 3. HP: 20/20 MP: 5/5
  1475 | D:2      | Reached skill level 7 in Ranged Weapons
  1630 | D:2      | 1630 ||| UPGRADING to +0 helmet.
  1635 | D:2      | 1635 ||| READING 2 scrolls labelled ACSURI OSAEPT.
  1636 | D:2      | 1636 ||| READING 2 scrolls labelled HIZXEA LURHEPT.
  1636 | D:2      | 1636 ||| IDENTIFYING amethyst potion
  1637 | D:2      | 1637 ||| READING scroll of identify.
  1637 | D:2      | 1637 ||| IDENTIFYING purple potion
  1638 | D:2      | 1638 ||| READING 2 scrolls labelled NIAP POHEEX.
  1739 | D:2      | 1739 ||| DROPPING scroll of fear.
  1740 | D:2      | 1740 ||| DROPPING scroll of vulnerability.
  1752 | D:3      | 1752 ||| STAIRDANCE
  1758 | D:3      | 1758 ||| STAIRDANCE
  1810 | D:3      | 1810 ||| STAIRDANCE
  1820 | D:3      | 1820 ||| STAIRDANCE
  1862 | D:3      | Killed from afar by an orc priest

Levels and vault maps discovered:
D:1:      dpeg_arrival_stonehenge_12_columns, layout_basic
D:2:      minmay_roachtagon, layout_rooms
D:3:      minmay_bubble_buster, layout_loops_cross, kennysheep_slug_shrine,
          kennysheep_nub, uniq_crazy_yiuf_cottage

Skill      XL: |  1  2  3 |
---------------+----------+-----
Ranged Weapons | 6 7 |  7.2
Fighting       | |  1.5
Dodging        | |  2.4
Stealth        | |  1.2

Action                     || total
---------------------------++-------
   Fire: Shortbow          ||   118
    Use: Scroll            ||     8
 Armour: Leather armour    ||    34
  Dodge: Dodged            ||    51

Table legend:
 A = Non-vault XP
 B = Vault XP
 C = Vault XP percentage of total XP
 D = Non-vault monster count
 E = Vault monster count
 F = Vault count percentage of total count
                 A         B        C        D         E       F
            +---------+---------+-------+---------+---------+-------
      Total |      61 |      20 |  24.7 |      37 |      10 |  21.3
            +---------+---------+-------+---------+---------+-------
        D:1 |      29 |       0 |   0.0 |      19 |       0 |   0.0
        D:2 |      32 |      20 |  38.5 |      18 |      10 |  35.7
            +---------+---------+-------+---------+---------+-------
